AoeStats
← Fenium

Nomad

509034600Analyzed
4v4 RM · 6d ago on Sep 25, 2026· 70m 56s· 8 players
Game mode
Random Map
Map size
231×231
Population
200
Speed
Normal
Resources
Standard
Victory
Conquest
Starting age
Dark Age
Ending age
Imperial Age
RankedLock teamsTeams togetherTeam positionsShared explorationLock speedFull tech treeHidden civsTurbo modeCheats
Victory
Defeat
🇺🇸 Vietnamese · United States
1032
+15
🇺🇸 Franks · United States
964
+18
🇪🇸 Ethiopians · Spain
957
+18
🇺🇸 Persians · United States
921
+37
🇹🇷 Saracens · Türkiye
1064
-20
🇨🇳 Varangians · China
1019
-18
🇹🇷 Vietnamese · Türkiye
960
-16
🇨🇳 Khmer · China
956
-16
aegilello
5:11 Loom
13:57 Feudal Age
19:15 Castle Age
17:21 Double-Bit Axe
19:10 Wheelbarrow
26:36 Gold Mining
26:50 Stone Mining
35:04 Imperial Age
33:01 Hand Cart
33:33 Bow Saw
33:29 Town Watch
34:10 Forging
35:39 Gold Shaft Mining
35:44 Iron Casting
35:15 Scale Barding Armor
35:11 Scale Mail Armor
35:18 Husbandry
35:15 Cavalier
36:09 Pikeman
36:50 Squires
36:36 Arson
37:55 Blast Furnace
37:34 Halberdier
38:41 Chain Mail Armor
40:10 Chain Barding Armor
41:06 Treadmill Crane
41:22 Murder Holes
41:49 Ballistics
42:31 Chemistry
42:25 Plate Barding Armor
42:21 Plate Mail Armor
43:57 Paladin
50:48 Hoardings
55:48 Chivalry
56:09 Conscription
55:13 Ordonnance Companies
55:14 Elite Throwing Axeman
60:12 Fletching
LTKR
6:07 Loom
13:35 Feudal Age
17:47 Castle Age
15:42 Double-Bit Axe
16:22 Horse Collar
18:05 Crossbowman
18:35 Arson
21:32 Squires
24:04 Fletching
24:34 Bow Saw
28:09 Ballistics
28:59 Gold Mining
34:12 Wheelbarrow
33:47 Heavy Plow
36:15 Hand Cart
36:38 Bodkin Arrow
36:55 Forging
37:34 Scale Mail Armor
40:29 Imperial Age
38:36 Royal Heirs
40:00 Thumb Ring
40:47 Iron Casting
41:21 Chain Mail Armor
42:20 Chemistry
41:32 Masonry
42:35 Gold Shaft Mining
42:04 Arbalester
43:26 Conscription
43:04 Elite Shotel Warrior
45:48 Blast Furnace
47:22 Plate Mail Armor
46:53 Bracer
51:35 Padded Archer Armor
51:33 Town Watch
Elispar
15:37 Feudal Age
19:19 Castle Age
17:32 Fishing Lines
18:19 Horse Collar
20:46 Fletching
20:58 Padded Archer Armor
20:55 Double-Bit Axe
21:15 Heavy Plow
21:08 Gold Mining
21:11 Stone Mining
24:57 Bow Saw
25:25 Wheelbarrow
27:29 Stone Shaft Mining
26:52 Loom
27:14 Bodkin Arrow
29:20 Hand Cart
29:48 Gillnets
31:22 Leather Archer Armor
31:15 Thumb Ring
31:23 Town Watch
35:02 Imperial Age
33:26 Ballistics
36:29 Crop Rotation
37:04 Two-Man Saw
37:57 Ring Archer Armor
37:28 Bracer
38:31 Chemistry
39:06 Paper Money
39:39 Scale Barding Armor
39:45 Forging
40:19 Husbandry
40:30 Bloodlines
39:48 Elite Battle Elephant
40:06 Elite Rattan Archer
41:33 Chain Barding Armor
41:48 Iron Casting
41:32 Siege Engineers
42:05 Town Watch
42:57 Plate Barding Armor
43:49 Masonry
51:01 Town Patrol
67:41 Chatras
TheDorkLord8
15:31 Feudal Age
16:57 Wheelbarrow
16:09 Loom
23:22 Castle Age
23:23 Pikeman
32:18 Scale Barding Armor
32:14 Padded Archer Armor
32:05 Fletching
32:26 Forging
42:40 Hand Cart
44:17 Double-Bit Axe
54:33 Kamandaran
60:19 Imperial Age
60:28 Imperial Age
60:05 Elite War Elephant
GGuVeNnN
4:54 Loom
18:30 Feudal Age
19:04 Double-Bit Axe
19:02 Horse Collar
19:12 Fishing Lines
23:11 Gold Mining
23:12 Stone Mining
27:12 Castle Age
25:48 Wheelbarrow
28:46 Padded Archer Armor
28:37 Fletching
28:51 Crossbowman
29:37 Thumb Ring
31:12 Leather Archer Armor
31:15 Bow Saw
31:43 Hand Cart
31:30 Gillnets
32:07 Bodkin Arrow
31:49 Elite Skirmisher
33:09 Heavy Plow
37:51 Imperial Age
36:16 Stone Shaft Mining
36:17 Caravan
39:48 Chemistry
39:45 Paper Money
40:26 Guilds
41:34 Imperial Skirmisher
41:35 Arbalester
45:17 Ring Archer Armor
44:47 Bracer
45:33 Ballistics
46:22 Arrowslits
52:31 Squires
52:17 Arson
51:53 Pikeman
Fenium
4:46 Loom
16:51 Feudal Age
18:57 Double-Bit Axe
19:07 Stone Mining
21:33 Castle Age
23:58 Wheelbarrow
27:22 Gold Mining
33:13 Forging
35:55 Gold Shaft Mining
36:10 Husbandry
36:22 Bloodlines
36:48 Iron Casting
40:29 Imperial Age
38:31 Scale Barding Armor
38:32 Horse Collar
40:42 Chain Barding Armor
41:17 Fortified Wall
40:35 Elite Mameluke
41:39 Conscription
43:21 Light Cavalry
51:40 Hand Cart
54:39 Blast Furnace
54:51 Plate Barding Armor
57:52 Hussar
hold up
3:28 Loom
15:07 Feudal Age
20:54 Castle Age
18:49 Stone Mining
18:51 Double-Bit Axe
21:56 Fishing Lines
23:39 Stone Shaft Mining
25:24 Bow Saw
25:08 Gold Mining
30:29 Caravan
31:17 Forging
31:08 Scale Mail Armor
31:16 Scale Barding Armor
31:23 Forging
31:15 Padded Archer Armor
32:10 Wheelbarrow
31:49 Horse Collar
33:17 Chain Barding Armor
33:15 Hand Cart
33:09 Heavy Plow
36:13 Iron Casting
35:30 Fletching
36:01 Gillnets
39:18 Bodkin Arrow
39:47 Fortified Wall
39:33 Murder Holes
39:59 Ballistics
39:20 Treadmill Crane
39:52 Masonry
39:42 Town Watch
42:28 Imperial Age
39:47 Town Watch
42:13 Vendel Legacy
43:49 Conscription
44:11 Plate Barding Armor
44:41 Bloodlines
46:41 Blast Furnace
45:36 Elite Jarl
51:48 Husbandry
52:53 Chemistry
淦
18:44 Feudal Age
21:30 Castle Age
25:03 Stone Mining
25:06 Gold Mining
26:42 Horse Collar
28:10 Forging
28:05 Scale Barding Armor
27:52 Fletching
28:02 Padded Archer Armor
39:55 Gold Shaft Mining
41:04 Stone Shaft Mining
44:54 Imperial Age
47:55 Imperial Age
49:10 Imperial Age
54:17 Imperial Age
56:03 Double-Bit Axe
Connection lost

Rejoining the realm…

Still unreachable

The connection could not be restored.

Session expired

The server has moved on; the page needs a fresh start.